 Dungeon Crawl Stone Soup version 0.14-a0-3154-g428849b (webtiles) character file.

154 Kae the Chopper (level 4, -1/40 HPs)
             Began as a Hill Orc Fighter on Mar 9, 2014.
             Killed from afar by an orc wizard (6 damage)
             ... with a puff of flame
             ... on Level 3 of the Dungeon.
             The game lasted 00:02:00 (1598 turns).

Kae the Chopper (Hill Orc Fighter)                  Turns: 1598, Time: 00:02:00

HP  -1/40        AC  7     Str 21      XL: 4   Next: 69%
MP   4/4         EV  6     Int  8      God:
Gold 56          SH 18     Dex 10      Spells:  0 memorised,  3 levels left

rFire  . . .     SeeInvis .     a - +0 war axe
rCold  . . .     Clarity  .     b - +0 scale mail
rNeg   . . .     Conserve .     c - +0 shield
rPois  .         rCorr    .     (helmet restricted)
rElec  .         rRot     .     (no cloak)
SustAb . .       Spirit   .     (no gloves)
rMut   .         Warding  .     (no boots)
Saprov + . .     Stasis   .     (no amulet)
MR     .....                    (no ring)
                                (no ring)

@: not resistant to hostile enchantments, extremely unstealthy
A: horns 1, rugged brown scales 1, saprovore 1, strong 1
a: no special abilities


You were on level 3 of the Dungeon.
You were not hungry.

You visited 1 branch of the dungeon, and saw 3 of its levels.

You collected 56 gold pieces.

Inventory:

Hand weapons
 a - a +0,+0 war axe (weapon)
Armour
 b - a +0 scale mail (worn)
 c - a +0 shield (worn)
Comestibles
 d - 2 meat rations
 k - a rotting chunk of giant gecko flesh
Scrolls
 f - 2 scrolls of teleportation {unknown}
 i - a scroll of random uselessness {unknown}
 j - a scroll of remove curse {unknown}
Potions
 h - a potion of mutation


   Skills:
 - Level 3.6 Fighting
 + Level 6.3 Axes
 - Level 3.2 Armour
 - Level 3.2 Shields


You had 3 spell levels left.
You didn't know any spells.

Dungeon Overview and Level Annotations

Branches:
Dungeon (3/16)

Altars:

Annotations:
D:2 Sigmund


Innate Abilities, Weirdness & Mutations

You can tolerate rotten meat.
You have a pair of small horns on your head.
You are partially covered in rugged brown scales (AC +1, +3% HP).
Your muscles are strong. (Str +2)


Message History

Deactivating autopickup; reactivate with Ctrl-A.
Drink which item? (? for menu, Esc to quit)
Magic courses through your body.
It was a potion of magic.
Something hits you but does no damage.
Drink which item? (? for menu, Esc to quit)
You don't have any such object.
Drink which item? (? for menu, Esc to quit)
You feel extremely strange.
You feel stronger. A pair of horns grows on your head!
Rugged brown scales grow over part of your body.
It was a potion of mutation.
Something hits you.
* * * LOW HITPOINT WARNING * * *
You miss something. You headbutt something.
Something hits you but does no damage.
You barely miss something. Something hits you.
* * * LOW HITPOINT WARNING * * *
You miss something. Your headbutt misses something.
You hear some strange, mumbled words.
The puff of flame hits you!
You die...

##.##....###############
........................'
#...#....#######.#######
#...#....#.......#
#...#....#.......#
#...#....#.......#
##.##....#.......#
.....#.#........#
.......#.......@######
.... ###.#######{....# .
#.#......o)...# #
#.#####.....# #.....#
......# #.....# ......#
......#


You could see an orc.

Vanquished Creatures
  An orc wizard (D:3)
  An adder (D:2)
  An inept item mimic (D:3)
  A worm (D:2)
  A giant eyeball (D:3)
  5 orcs (D:3)
  2 ball pythons
  3 bats
  2 giant cockroaches (D:1)
  2 hobgoblins (D:3)
  4 jackals (D:3)
  2 giant geckos
  4 giant newts
  5 goblins (D:1)
  6 kobolds (D:1)
  6 rats
46 creatures vanquished.

Notes
Turn   | Place    | Note
--------------------------------------------------------------
     0 | D:1      | Kae, the Hill Orc Fighter, began the quest for the Orb.
     0 | D:1      | Reached XP level 1. HP: 19/19 MP: 1/1
   278 | D:1      | Reached XP level 2. HP: 16/26 MP: 2/2
   414 | D:1      | Reached skill level 4 in Axes
   852 | D:2      | Reached XP level 3. HP: 31/31 MP: 3/3
   857 | D:2      | Noticed Sigmund
  1025 | D:2      | Reached skill level 5 in Axes
  1226 | D:3      | Reached XP level 4. HP: 7/39 MP: 4/4
  1273 | D:3      | Paralysed by a giant eyeball for 4 turns
  1282 | D:3      | Reached skill level 6 in Axes
  1595 | D:3      | Gained mutation: Your muscles are strong. (Str +2) [potion of mutation]
  1595 | D:3      | Gained mutation: You have a pair of small horns on your head. [potion of mutation]
  1595 | D:3      | Gained mutation: You are partially covered in rugged brown scales (AC +1, +3% HP). [potion of mutation]
  1598 | D:3      | Killed from afar by an orc wizard

Action                   |  1- 3 |  4- 6 || total
-------------------------+-------+-------++-------
Melee: War axe           |   138 |    59 ||   197
  Use: Potion            |       |     4 ||     4
